 Dungeon Crawl Stone Soup version 0.19.0-11-g3fc08b3 (webtiles) character file.

1320 Quirk the Skirmisher (level 8, -4/51 HPs)
             Began as a Gargoyle Fighter on Nov 8, 2016.
             Was a Follower of Uskayaw.
             Killed from afar by a wretched star (16 damage)
             ... with an orb of energy
             ... on level 2 of the Abyss.
             The game lasted 00:10:42 (5159 turns).

Quirk the Skirmisher (Gargoyle Fighter)             Turns: 5159, Time: 00:10:43

Health: -4/51      AC: 26    Str: 23    XL:     8   Next: 59%
Magic:  10/10      EV:  7    Int:  9    God:    Uskayaw [*.....]
Gold:   264        SH: 10    Dex: 10    Spells: 0 memorised, 7 levels left

rFire  . . .     SeeInvis .     z - +0 falchion (distort)
rCold  . . .     Gourm    .     y - +10 chain mail of the Apprentice {rCorr}
rNeg   + . .     Faith    .     c - +0 shield
rPois  ∞         Spirit   .     (no helmet)
rElec  +         Reflect  .     (no cloak)
rCorr  +         Harm     .     (no gloves)
MR     .....                    l - +0 pair of boots
Stlth  ..........               F - amulet of inaccuracy (curse)
                                w - +2 ring of strength
                                s - ring of stealth

@: very slightly contaminated, invisible
A: negative energy resistance 1, electricity resistance, unbreathing,
petrification resistance, rot immunity, AC +5
a: Stomp, Renounce Religion


You were on level 2 of the Abyss.
You worshipped Uskayaw.
Uskayaw was noncommittal.
You were not hungry.

You visited 1 branch of the dungeon, and saw 6 of its levels.
You visited the Abyss 1 time.

You collected 264 gold pieces.

Inventory:

Hand Weapons
 a - a +0 flail
 x - a +1 whip of distortion
 z - a +0 falchion of distortion (weapon)
 B - a +0 quarterstaff of draining
Missiles
 h - 7 silver tomahawks (quivered)
Armour
 b - a +0 scale mail
 c - a +0 shield (worn)
 l - a +0 pair of boots (worn)
 y - the +10 chain mail of the Apprentice (worn) {rCorr}
   (You found it on level 5 of the Dungeon)

   It protects you from acid and corrosion.
Jewellery
 p - an uncursed ring of protection from cold {unknown}
 s - a ring of stealth (left hand)
 w - a +2 ring of strength (right hand)
 F - a cursed amulet of inaccuracy (around neck)
Wands
 D - a wand of flame (33/48)
Scrolls
 g - a scroll of magic mapping
 n - a scroll of remove curse
 o - 4 scrolls of immolation
Potions
 d - a potion of might
 e - 2 potions of cancellation
 i - a potion of cure mutation {unknown}
 j - 6 potions of curing {unknown}
 m - a potion of flight {unknown}
 t - a potion of invisibility
 v - a potion of brilliance {unknown}
 C - 2 potions of lignification {unknown}
Comestibles
 f - 2 bread rations
 k - a royal jelly
 r - a slice of pizza
 u - 4 fruits
 A - 2 beef jerkies


   Skills:
 + Level 5.8 Fighting
 + Level 4.1 Maces & Flails
 + Level 5.4 Armour
 + Level 3.0 Dodging
 + Level 4.1 Stealth
 + Level 5.5 Shields
 + Level 2.9 Invocations


You had 7 spell levels left.
You didn't know any spells.

Dungeon Overview and Level Annotations

Branches:
Dungeon (6/15)             Temple (0/1) D:5

Altars:
Dithmenos
Makhleb
Nemelex Xobeh
Trog
Uskayaw

Shops:
D:4 *((

Annotations:
D:4 Edmund


Innate Abilities, Weirdness & Mutations

You are resistant to torment.
Your stone body is resilient. (AC +5)
You are immune to poison.
You resist negative energy. (rN+)
You are resistant to electric shocks. (rElec)
You can survive without breathing.
You are immune to petrification.
You are immune to rotting.


Message History

You feel strangely unstable.
You feel the power of the Abyss delaying your translocation!
The balrug gestures at you. The bolt of fire hits you!
Your shield and chain mail of the Apprentice prevent you from hitting the balrug.
The balrug hits you but does no damage.
You hit the balrug but do no damage.
The balrug blinks!
You are suddenly pulled into a different region of the Abyss!
Your magical contamination has completely faded away.
m - a bubbling black potion A wretched star comes into view.
The wretched star glows turbulently.
The orb of energy hits you!
Ouch! That really hurt!
* * * LOW HITPOINT WARNING * * *
You fade into invisibility!
You are very lightly contaminated with residual magic.
The wretched star glows turbulently.
The orb of energy hits you!
You die...

#.# .## #...
.. # #
#..#.#.#. #
.#.# #........
# . # #..#.#
#.# . #..#*#
#.# ##..#.#
#.# .# .#
..#.# # #
#.#.. # .#.# .
#.#
.##.##..#@#
#.# # #.#.. #
.#.##.. # #
.##.##..#.#.#.
##. #.....
.........# .
.. . ..
....#.......
##.####.##
##..... ....
#.. #.
###.#####.##
.... . # # .#
# # ### #.#


You could see a wretched star.

Vanquished Creatures
  The ghost of Gottschkopf the Ruffian, an amateur DrTm (D:3)
  Menkaure (D:5)
  A sky beast (D:5)
  3 phantoms
  An ogre (D:4)
  A centaur (D:5)
  A howler monkey (D:5)
  A crimson imp (D:5)
  A quasit (D:5)
  An orc priest (D:3)
  An iron imp (D:2)
  An orc wizard (D:5)
  3 worker ants
  2 gnolls (D:5)
  4 adders
  2 river rats (D:5)
  2 shadow imps (D:5)
  2 worms (D:5)
  3 dart slugs
  4 leopard geckos
  18 orcs
  6 bats
  3 giant cockroaches
  4 goblins
  2 hobgoblins (D:3)
  9 jackals
  A quokka (D:3)
  3 ball pythons
  A frilled lizard (D:3)
  A jackal skeleton (D:5)
  A jackal zombie (D:6)
  2 kobolds
  A leopard gecko skeleton (D:5)
  3 rats
91 creatures vanquished.

Vanquished Creatures (others)
  A scorpion (D:5)
  An iguana (D:4)
  2 gnolls (D:5)
  A river rat (D:5)
  An orc (D:5)
6 creatures vanquished.

Grand Total: 97 creatures vanquished

Notes
Turn   | Place    | Note
-------+----------+-------------------------------------------
     0 | D:1      | Quirk the Gargoyle Fighter began the quest for the Orb.
     0 | D:1      | Reached XP level 1. HP: 14/14 MP: 1/1
   273 | D:1      | Reached XP level 2. HP: 19/19 MP: 2/2
  1094 | D:2      | Found a burning altar of Makhleb.
  1141 | D:2      | Reached XP level 3. HP: 14/23 MP: 3/3
  1380 | D:2      | Found a burning altar of Makhleb.
  1392 | D:2      | Reached XP level 4. HP: 21/29 MP: 4/4
  1433 | D:2      | Reached skill level 1 in Dodging
  1747 | D:3      | Noticed Gottschkopf's ghost (amateur DrTm)
  1804 | D:3      | Killed Gottschkopf's ghost
  1804 | D:3      | Reached skill level 1 in Stealth
  1804 | D:3      | Reached XP level 5. HP: 24/33 MP: 5/5
  1875 | D:3      | Reached XP level 6. HP: 35/38 MP: 6/6
  2312 | D:3      | Found a shadowy altar of Dithmenos.
  2773 | D:4      | Noticed Edmund
  2781 | D:4      | Found a hide-covered altar of Uskayaw.
  2789 | D:4      | Became a worshipper of Uskayaw the Reveler
  2937 | D:4      | Found Jupufil's Assorted Antiques.
  2946 | D:4      | Found Zocitaf's Weapon Shop.
  2973 | D:4      | Reached * piety under Uskayaw
  3107 | D:4      | Found Okhiroes's Antique Weapon Emporium.
  3125 | D:4      | Found a bloodstained altar of Trog.
  3194 | D:4      | Reached ** piety under Uskayaw
  3204 | D:4      | Found a sparkling altar of Nemelex Xobeh.
  3403 | D:4      | Reached XP level 7. HP: 22/44 MP: 7/7
  3833 | D:5      | Entered Level 5 of the Dungeon
  3858 | D:5      | Noticed Menkaure
  3864 | D:5      | Reached *** piety under Uskayaw
  3873 | D:5      | Got a steaming chain mail
  3879 | D:5      | Reached skill level 5 in Fighting
  3884 | D:5      | Reached skill level 1 in Invocations
  3899 | D:5      | Identified the +10 chain mail of the Apprentice {rCorr} (You found it on level 5 of the Dungeon)
  3901 | D:5      | Killed Menkaure
  4022 | D:5      | Reached **** piety under Uskayaw
  4061 | D:5      | Reached skill level 5 in Shields
  4061 | D:5      | Reached XP level 8. HP: 47/49 MP: 9/9
  4077 | D:5      | Reached skill level 5 in Armour
  4568 | D:5      | Found a staircase to the Ecumenical Temple.
  4871 | D:6      | Cast into level 2 of the Abyss (a distortion unwield)
  5097 | Abyss:2  | Noticed a balrug
  5153 | Abyss:2  | Noticed a wretched star
  5159 | Abyss:2  | Killed from afar by a wretched star

Skill      XL: |  1  2  3  4  5  6  7  8 |
---------------+-------------------------+-----
Dodging        | 1 2 3 |  3.0
Fighting       | 4 5 |  5.8
Maces & Flails | 3 4 |  4.1
Armour         | 4 5 |  5.4
Stealth        | 1 2 3 4 |  4.1
Shields        | 4 5 |  5.5
Invocations    | 2 |  2.9

Action                   |  1- 3 |  4- 6 |  7- 9 || total
-------------------------+-------+-------+-------++-------
Melee: Flail             |    72 |   134 |       ||   206
       Whip              |       |    87 |   224 ||   311
       Falchion          |       |       |     2 ||     2
  Use: Scroll            |       |     8 |     6 ||    14
       Potion            |       |       |     1 ||     1
 Stab: Paralysed         |       |       |     3 ||     3
  Eat: Chunk             |     1 |     7 |     6 ||    14
Armor: Scale mail        |    40 |   123 |     9 ||   172
       Chain mail        |       |       |   107 ||   107
Dodge: Dodged            |    17 |    89 |    55 ||   161
Block: Shield            |    40 |   136 |    97 ||   273
